Map: Romanticide LE

Players

PoNinaBox - Winner!

  • Race: Protoss Protoss
  • League: Master
  • Spawn Location: 5:00

Osiris

  • Race: Terran Terran
  • League: Diamond
  • Spawn Location: 11:00

VOD

Have the link to the VOD?

Description

Time

  • Played on: Feb. 18, 2021, 6:44 p.m.
  • Length: 6:01
Show
View Real Time Build Order
Export as new Build Order

PoNinaBox Protoss - Winner!

Build Orders: 1 Gate Expand 

Get SALT Encoding   

  12  0:00  Probe  
  13  0:12  Probe  
  14  0:19  Pylon  
  14  0:24  Probe  
  15  0:37  Probe  
  15  0:38  Gateway  
  16  0:49  Probe  
  18  1:09  Nexus  
  17  1:15  Assimilator, Probe  
  18  1:26  Cybernetics Core  
  18  1:30  Probe  
  19  1:36  Pylon  
  19  1:42  Probe  
  20  1:54  Gateway, Probe  
  20  1:59  Adept (Chrono Boost)  
  21  2:04  Warp Gate (Chrono Boost)  
  23  2:12  Shield Battery  
  23  2:20  Adept (Chrono Boost), Probe  
  25  2:26  Probe  
  26  2:35  Gateway  
  26  2:37  Probe  
  27  2:45  Assimilator  
  27  2:48  Adept  
  29  2:57  Probe x2  
  31  3:09  Probe x2  
  33  3:21  Probe x2  
  35  3:33  Probe x2  
  35  3:34  Adept x3  
  43  3:37  Pylon  
  43  3:45  Probe  
  43  3:46  Probe  
  43  4:03  Stalker x3  
  49  4:10  Probe  
  49  4:13  Pylon  
  46  4:26  Adept x3  
  50  4:38  Probe  
  50  4:39  Probe  
  50  4:40  Pylon  
  50  4:43  Assimilator  
  50  4:44  Twilight Council  
  52  4:48  Stalker x3  
  52  5:06  Probe (Chrono Boost)  
  54  5:07  Probe (Chrono Boost)  
  54  5:11  Stalker  
  54  5:12  Stalker x2  
  60  5:18  Probe (Chrono Boost)  
  60  5:19  Probe (Chrono Boost)  
  62  5:28  Probe  
  63  5:31  Probe  
  64  5:48  Stalker x3  
  66  5:59  Nexus  
Show
View Real Time Build Order
Export as new Build Order

Osiris Terran 

Build Orders:  

Get SALT Encoding   

  12  0:00  SCV  
  13  0:12  SCV  
  14  0:17  Supply Depot  
  14  0:24  SCV  
  15  0:38  SCV  
  15  0:40  Barracks  
  16  0:43  Refinery  
  16  0:50  SCV  
  17  1:02  SCV  
  18  1:14  SCV  
  19  1:27  Marine, Orbital Command  
  20  1:42  Command Center  
  20  1:47  Barracks Reactor  
  20  1:56  Supply Depot  
  20  1:57  SCV  
  21  2:09  SCV  
  22  2:24  SCV, Marine x2  
  25  2:30  Command Center  
  25  2:36  SCV  
  26  2:40  Barracks  
  26  2:44  Marine x2  
  28  2:53  SCV  
  28  2:55  Orbital Command  
  29  3:03  Marine x2  
  31  3:07  Engineering Bay  
  31  3:14  Refinery  
  31  3:15  SCV  
  32  3:21  SCV  
  32  3:23  Marine x2  
  35  3:31  SCV  
  35  3:33  Bunker  
  36  3:35  Barracks Tech Lab  
  36  3:39  SCV  
  37  3:42  Marine  
  37  3:43  Marine, Orbital Command  
  37  3:45  SCV  
  40  3:53  Marine  
  37  3:56  SCV  
  37  3:59  SCV  
  37  4:00  Marine x2  
  36  4:09  SCV  
  37  4:10  SCV  
  37  4:11  Marine  
  39  4:23  Marine x2  
  38  4:28  Marine  
  35  4:32  Barracks  
  35  4:37  SCV x3  
  35  4:49  SCV, Barracks x2, Marine x2  
  31  5:03  Orbital Command  
  31  5:07  Marine  
  31  5:11  Marauder  
  31  5:13  SCV  
  34  5:16  SCV  
  35  5:25  SCV  
  35  5:27  Refinery  
  35  5:31  SCV  
  35  5:33  SCV  
  37  5:42  Marine x2  
  38  5:43  Marine  
Tags
 
Add a new tag
Caveats
  • Supply blocks, unpowered buildings, or Contaminate may cause inaccurate times.
  • Supply counts are checked every 10 seconds.